 Dungeon Crawl Stone Soup version 0.27-a0-1182-gee19b5822f (webtiles) character file.

Game seed: 248834149611503268

3627 EnegeticOcto the Geomancer (level 10, -1/59 HPs)
             Began as a Gargoyle Earth Elementalist on May 18, 2021.
             Was a Follower of Vehumet.
             Shot with a bolt by a yaktaur (23 damage)
             ... on level 11 of the Dungeon.
             The game lasted 00:18:35 (2559 turns).

EnegeticOcto the Geomancer (GrEE)                   Turns: 2559, Time: 00:18:36

Health: -1/59      AC: 13    Str: 10    XL:     10   Next: 11%
Magic:  22/22      EV: 11    Int: 19    God:    Vehumet [*.....]
Gold:   209        SH:  0    Dex: 16    Spells: 14/25 levels left

rFire    + . .     SeeInvis +   m - +4 spear of Watchfulness {holy, rElec rCorr Str-2 SInv}
rCold    . . .     Faith    +   (no shield)
rNeg     + . .     Spirit   .   s - +1 leather armour {rF+}
rPois    ∞         Reflect  .   (no helmet)
rElec    +         Harm     .   (no cloak)
rCorr    +         Rampage  .   v - +1 pair of gloves
Will     .....                  (no boots)
Stlth    ++........             B - amulet of faith
HPRegen  0.19/turn              y - +6 ring of dexterity
MPRegen  0.18/turn              (no ring)

@: no status effects
A: sickness immunity, AC +7, negative energy resistance 1, electricity
resistance, torment resistance 1, petrification resistance
a: Renounce Religion


You were on level 11 of the Dungeon.
You worshipped Vehumet.
Vehumet was aware of your devotion.
You visited 2 branches of the dungeon, and saw 12 of its levels.

You collected 209 gold pieces.

Inventory:

Hand Weapons
 a - a +0 mace
   (You found it on level 1 of the Dungeon)
 j - a +1 quarterstaff
   (You found it on level 4 of the Dungeon)
 m - the +4 spear of Watchfulness (weapon) {holy, rElec rCorr Str-2 SInv}
   (You found it on level 4 of the Dungeon)

   It has been blessed by the Shining One to cause great damage to the undead
   and demons.
   It affects your strength (-2).
   It insulates you from electricity.
   It lets you see invisible.
   It protects you from acid and corrosion.
Missiles
 b - 61 stones
 g - 14 boomerangs (quivered)
Armour
 c - a +0 robe
 s - a +1 leather armour of fire resistance (worn)
   (You took it off an orc on level 8 of the Dungeon)
 v - a +1 pair of gloves (worn)
   (You found it on level 6 of the Dungeon)
Magical Staves
 i - a staff of cold
   (You found it on level 5 of the Dungeon)
Jewellery
 y - a +6 ring of dexterity (left hand)
   (You took it off an orc on level 8 of the Dungeon)
 A - a ring of protection from fire
   (You found it on level 9 of the Dungeon)
 B - an amulet of faith (around neck)
   (You found it on level 10 of the Dungeon)
Wands
 h - a wand of flame (1) {@v4}
   (You found it on level 5 of the Dungeon)
Scrolls
 d - 3 scrolls of teleportation {@r3 !r}
 e - a scroll of vulnerability
 k - a scroll of acquirement {unknown}
 l - a scroll of amnesia {unknown}
 q - a scroll of noise
Potions
 f - a potion of curing {unknown}
 n - 2 potions of haste {@q4 !q}
 p - a potion of resistance
Miscellaneous
 C - a tin of tremorstones (inert)
   (You found it on level 9 of the Dungeon)


   Skills:
 - Level 5.0 Fighting
 - Level 1.5 Dodging
 - Level 2.1 Stealth
 - Level 8.0 Spellcasting
 - Level 3.0 Conjurations
 - Level 0.7 Transmutations
 + Level 12.1 Earth Magic


You had 14 spell levels left.
You knew the following spells:

 Your Spells              Type           Power      Damage    Failure   Level
a - Sandblast             Erth           100%       2d20      1%          1
b - Stone Arrow           Conj/Erth      72%        3d11      1%          3
c - Lee's Rapid Deconstr  Erth           26%        3d15*     2%          5
p - Passwall              Tmut/Erth      26%        N/A       1%          2

Your spell library contained the following spells:

 Spells                   Type           Power      Damage    Failure   Level
 Freeze                   Ice            28%        1d5       12%         1
 Petrify                  Tmut/Erth      32%        N/A       9%          4
 Beastly Appendage        Tmut           20%        N/A       10%         1
 Summon Small Mammal      Summ           28%        N/A       12%         1
 Wereblood                Tmut           10%        N/A       14%         2
 Call Imp                 Summ           7%         N/A       19%         2
 Spider Form              Tmut/Pois      4%         N/A       32%         3
 Call Canine Familiar     Summ           7%         N/A       36%         3
 Summon Guardian Golem    Hex/Summ       7%         N/A       36%         3
 Ice Form                 Ice/Tmut       8%         N/A       71%         4
 Summon Ice Beast         Ice/Summ       7%         N/A       77%         4
 Summon Lightning Spire   Summ/Air       7%         N/A       77%         4
 Hydra Form               Tmut           5%         N/A       95%         5


Dungeon Overview and Level Annotations

Branches:
Dungeon (11/15)            Temple (1/1) D:6             Orc (0/2) D:11
   Lair: D:8-11

Altars:
Ashenzari
Cheibriados
Dithmenos
Elyvilon
Fedhas
Gozag
Hepliaklqana
Kikubaaqudgha
Makhleb
Nemelex Xobeh
Okawaru
Qazlal
Ru
Trog
Uskayaw
Vehumet
Wu Jian
Xom
Yredelemnul
Zin
The Shining One

Shops:
D:11 [

Annotations:
D:3 Sigmund
D:5 2 transporters, boysha's ghost, novice DgWr


Innate Abilities, Weirdness & Mutations

You are immune to sickness and miasma.
Your stone body is resilient. (AC +7)
You are immune to poison.
You resist negative energy. (rN+)
You are resistant to electric shocks. (rElec)
You are resistant to unholy torment.
You are immune to petrification.


Message History

Your vampire mosquito draws strength from Snorg's injuries!
Your vampire mosquito bites Snorg.
Your vampire mosquito draws strength from Snorg's injuries!
Snorg barely misses your vampire. Snorg claws your vampire. x2
Your vampire is destroyed!
Your vampire mosquito bites Snorg.
Your vampire mosquito draws strength from Snorg's injuries!
Your wraith barely misses Snorg.
Really quaff
x - a potion of might {@q3 !q}?
You feel very mighty all of a sudden.
Your vampire mosquito bites Snorg!
Your vampire mosquito draws strength from Snorg's injuries!
Your vampire mosquito bites Snorg.
Your vampire mosquito draws strength from Snorg's injuries!
Snorg bites your vampire mosquito.
Snorg closely misses your vampire mosquito.
Snorg claws your vampire mosquito!!
Your vampire mosquito bites Snorg!
Your vampire mosquito draws strength from Snorg's injuries!
Your wraith barely misses Snorg.
Your vampire mosquito bites Snorg!
Your vampire mosquito draws strength from Snorg's injuries!
Snorg bites your vampire mosquito. Snorg claws your vampire mosquito!
Your vampire mosquito is destroyed!
Your vampire mosquito's corpse dissolves into shadows!
Aiming: Throw Flame
Press: ? - help, Shift-Dir - straight line, f/p - Snorg
Aim: Snorg (heavily wounded, berserk, ally target, 68% to hit)
The puff of flame hits Snorg.
Snorg is heavily wounded.
Your vampire mosquito bites Snorg!
Your vampire mosquito draws strength from Snorg's injuries!
Your vampire mosquito closely misses Snorg.
Snorg misses your vampire mosquito. Snorg claws your vampire mosquito!
Snorg closely misses your vampire mosquito.
Your wraith closely misses Snorg.
Aiming: Throw Flame
Press: ? - help, Shift-Dir - straight line, f/p - Snorg
Aim: Snorg (heavily wounded, berserk, ally target, 68% to hit)
The puff of flame hits Snorg.
Snorg is heavily wounded.
Your vampire mosquito bites Snorg!
Your vampire mosquito draws strength from Snorg's injuries!
Snorg bites your vampire mosquito! Snorg claws your vampire mosquito!!
Your vampire mosquito is destroyed!
Your vampire mosquito's corpse dissolves into shadows!
Your wraith barely misses Snorg.
Aiming: Throw Flame
Press: ? - help, Shift-Dir - straight line, f/p - Snorg
Aim: Snorg (silenced, severely wounded, berserk, ally target, 68% to hit)
The puff of flame hits Snorg.
Snorg is severely wounded.
Snorg rages.
Your wraith hits Snorg. You hit Snorg.
Snorg is severely wounded.
Snorg bites you!!
Snorg claws you. x2; Your wraith hits Snorg!
Your wraith drains Snorg's vigour!
Snorg seems to slow down.
Snorg bites you. Snorg closely misses you. Snorg claws you!
* * * LOW HITPOINT WARNING * * *
Your wraith hits Snorg.
Your wraith drains Snorg's vigour!
Snorg seems to slow down.
Snorg bites your wraith! Snorg claws your wraith. Snorg claws your wraith!
Your wraith hits Snorg.
Your wraith drains Snorg's vigour!
Snorg seems to slow down.
Snorg bites your wraith. Snorg claws your wraith!
Your wraith is destroyed!
Okay, then.
The tremorstone explodes into fragments!
The burst of rock shards engulfs Snorg!!
The tremorstone explodes into fragments!
The burst of rock shards engulfs Snorg!!
You kill Snorg!
Vehumet accepts your kill.
The tin is emptied!
Training target 8.0 for Spellcasting reached!
Your Spellcasting skill increases to level 8!
Your Earth Magic skill increases to level 12!
You have reached level 10!
There is a stone staircase leading up here.
Found 12 gold pieces.
Your hearing returns.
There is a stone staircase leading up here.
You climb upwards.
Found 31 stones.
There is a stone staircase leading down here.
b - 61 stones (gained 31)
(D) Dungeon (T) Temple (O) Orcish Mines
Where to? (Enter - D:11, ? - help)
There is a stone staircase leading down here.
You climb downwards.
You feel a wave of frost pass over you.
There is an entrance to an ice cave on this level.
Hurry and find it before the portal melts!
You hear the faint crackling of a distant melting archway.
You feel a little less mighty now.
There is a stone staircase leading up here.
You now have 209 gold pieces (gained 12).
You open the large door.
A yaktaur comes into view.
The yaktaur shouts!
The yaktaur wields a +0 arbalest.
The yaktaur shoots a bolt.
The bolt hits you!!
You die...

#..........#
#.....<....#
#......#...# .
#..#......## ..
#..........# ..#
#..#.#....## #..
#...##....#
#..##..##.....#
#..'@..........#
#..'....#.#.#.##
......##....##
## c..... ###.##
##### ##


You could see a yaktaur.

Vanquished Creatures
  Snorg (D:11)
  A hornet (D:8)
  A vampire (D:10)
  5 yaks (D:10)
  A wyvern (D:8)
  A water moccasin (D:8)
  An ice beast (D:6)
  2 black bears
  A necrophage (D:5)
  4 centaurs
  2 ogres
  A bullfrog (D:10)
  3 scorpions
  3 wights (D:7)
  3 howler monkeys
  A jelly (D:5)
  2 centaur zombies
  A bullfrog zombie (D:5)
  An orc priest (D:8)
  A bullfrog skeleton (D:6)
  An iguana (D:5)
  Jessica (D:3)
  2 gnoll shamans
  A killer bee zombie (D:7)
  10 gnolls
  2 adders
  13 orcs
  A giant cockroach (D:4)
  A goblin (D:4)
  2 jackals (D:2)
  2 quokkas
  A ball python (D:2)
  2 bats
  2 frilled lizards
  A rat (D:2)
78 creatures vanquished.

Vanquished Creatures (others)
  4 fungi (D:10)
  3 plants (D:10)
7 creatures vanquished.

Grand Total: 85 creatures vanquished

Notes
Turn   | Place    | Note
-------+----------+-------------------------------------------
     0 | D:1      | EnegeticOcto the Gargoyle Earth Elementalist began the
                  | quest for the Orb.
     0 | D:1      | Reached XP level 1. HP: 10/10 MP: 3/3
   123 | D:2      | Reached skill level 4 in Earth Magic
   123 | D:2      | Reached XP level 2. HP: 15/15 MP: 3/5
   140 | D:2      | Found a glowing golden altar of the Shining One.
   232 | D:3      | Noticed Jessica
   244 | D:3      | Killed Jessica
   245 | D:3      | Reached skill level 5 in Earth Magic
   245 | D:3      | Reached XP level 3. HP: 14/19 MP: 3/6
   292 | D:5      | Entered Level 5 of the Dungeon
   337 | D:5      | Noticed an ogre
   342 | D:5      | Killed an ogre
   343 | D:5      | Reached skill level 6 in Earth Magic
   343 | D:5      | Reached XP level 4. HP: 24/24 MP: 2/7
   343 | D:5      | Reached XP level 5. HP: 28/28 MP: 2/8
   364 | D:5      | Learned a level 2 spell: Passwall
   368 | D:5      | Learned a level 3 spell: Stone Arrow
   392 | D:5      | Noticed a necrophage
   397 | D:5      | Killed a necrophage
   398 | D:5      | Reached skill level 7 in Earth Magic
   416 | D:5      | Reached skill level 8 in Earth Magic
   416 | D:5      | Reached XP level 6. HP: 32/32 MP: 1/9
   494 | D:5      | Noticed boysha's ghost (novice DgWr)
   545 | D:4      | Reached skill level 9 in Earth Magic
   567 | D:4      | You fall into a shaft and drop 1 floor!
   576 | D:5      | Reached skill level 1 in Conjurations
   576 | D:5      | Reached XP level 7. HP: 16/36 MP: 4/10
   592 | D:5      | Noticed a vampire
   593 | D:5      | Found a transporter.
   665 | D:4      | Identified the +4 spear of Watchfulness {holy, rElec rCorr
                  | Str-2 SInv}
   698 | D:3      | Noticed Sigmund
   861 | D:5      | Found a transporter.
   898 | D:5      | Reached skill level 2 in Conjurations
   944 | D:5      | Reached skill level 3 in Spellcasting
  1078 | D:5      | Learned a level 5 spell: Lee's Rapid Deconstruction
  1222 | D:6      | Found a staircase to the Ecumenical Temple.
  1229 | Temple   | Entered the Ecumenical Temple
  1272 | Temple   | Became a worshipper of Vehumet
  1331 | D:6      | Reached skill level 3 in Conjurations
  1348 | D:6      | Reached skill level 4 in Spellcasting
  1348 | D:6      | Reached skill level 1 in Fighting
  1348 | D:6      | Reached XP level 8. HP: 34/43 MP: 1/14
  1405 | D:6      | Reached skill level 2 in Fighting
  1606 | D:7      | Reached skill level 3 in Fighting
  1823 | D:8      | Noticed a hornet
  1844 | D:8      | Killed a hornet
  1845 | D:8      | Reached skill level 4 in Fighting
  1845 | D:8      | Reached skill level 5 in Spellcasting
  1845 | D:8      | Reached skill level 10 in Earth Magic
  1894 | D:8      | Reached * piety under Vehumet
  1894 | D:8      | Offered knowledge of Freeze by Vehumet.
  1946 | D:8      | Reached XP level 9. HP: 27/53 MP: 6/17
  1951 | D:8      | Reached skill level 5 in Fighting
  2060 | D:8      | Reached skill level 6 in Spellcasting
  2114 | D:10     | Entered Level 10 of the Dungeon
  2284 | D:11     | Found Joakh's Armour Emporium.
  2284 | D:11     | Found a staircase to the Orcish Mines.
  2284 | D:11     | Noticed a boulder beetle
  2391 | D:10     | Reached skill level 7 in Spellcasting
  2425 | D:10     | Reached skill level 11 in Earth Magic
  2506 | D:11     | Noticed Snorg
  2522 | D:11     | Killed Snorg
  2523 | D:11     | Reached skill level 8 in Spellcasting
  2523 | D:11     | Reached skill level 12 in Earth Magic
  2523 | D:11     | Reached XP level 10. HP: 14/59 MP: 20/22
  2559 | D:11     | Shot with a bolt by a yaktaur

Illustrated notes

Levels and vault maps discovered:
D:1:      arrival_zaba_pyramid, layout_basic, serial_corexii_hall,
          chequers_hall_statues_y, corexii_hall_statues_s,
          hellmonk_ecumenical_altar_inner_sanctum, glass_columns_c,
          minmay_domino_4
D:2:      layout_basic, basic_altar
D:3:      layout_rooms, grunt_ministairs_9, minmay_statues_item,
          minmay_crystal_room, uniq_jessica, uniq_sigmund
D:4:      layout_basic
D:5:      layout_basic, gammafunk_ghost_arena
D:6:      layout_gridville, minmay_temple_entry_butterflies, grunt_ministairs_14
D:7:      layout_loops_ring
D:8:      layout_basic
D:9:      layout_basic, old_standard_altar
D:10:     layout_basic, grunt_lair_entry_orc_guard_hut, uniq_sonja
D:11:     cheibrodos_barr_body, layout_cross, orc_david_3,
          portal_ice_cave_entry_imps, hangedman_corner_corridor, uniq_psyche,
          uniq_snorg
Temple:   kilobyte_greek_temple

Skill      XL: |  1  2  3  4  5  6  7  8  9 |
---------------+----------------------------+-----
Earth Magic    | 4 5 6 8 9 10 12 | 12.1
Conjurations   | 1 3 |  3.0
Spellcasting   | 4 5 8 |  8.0
Fighting       | 1 4 5 |  5.0
Dodging        | |  1.5
Stealth        | |  2.1
Transmutations | |  0.7

Action                   |  1- 3 |  4- 6 |  7- 9 | 10-12 || total
-------------------------+-------+-------+-------+-------++-------
Melee: Mace              |     5 |     4 |       |       ||     9
       Quarterstaff      |       |     8 |    11 |       ||    19
       Spear             |       |       |    40 |       ||    40
Throw: Boomerang         |       |     2 |     3 |       ||     5
 Cast: Sandblast         |    19 |    17 |    89 |       ||   125
       Passwall          |       |     1 |     2 |       ||     3
       Stone Arrow       |       |     1 |    15 |       ||    16
       Lee's Rapid Decon |       |       |     5 |       ||     5
Evoke: Wand              |       |     2 |    13 |       ||    15
       Tin of tremorston |       |       |     2 |       ||     2
  Use: Scroll            |       |       |    12 |       ||    12
       Potion            |       |       |     5 |       ||     5
Armor: Robe              |     5 |     4 |    24 |       ||    33
       Leather armour    |       |       |    11 |       ||    11
       Skin              |       |       |     4 |       ||     4
Dodge: Dodged            |    13 |     8 |    88 |       ||   109

Table legend: (Time is in decaauts)
 A = Elapsed time spent in this place.
 B = Non-inter-level travel time spent in this place.
 C = Inter-level travel time spent in this place.
 D = Time resting spent in this place.
 E = Time spent auto-exploring this place.
 F = Levels seen in this place.
 G = Mean time per level.
                   A        B        C        D        E       F      G
               +--------+--------+--------+--------+--------+-----+--------+
         Total |   2608 |   2546 |     62 |     52 |      0 |  12 |  217.3 |
       Dungeon |   2532 |   2485 |     47 |     52 |      0 |  11 |  230.2 |
        Temple |     75 |     60 |     15 |      0 |      0 |   1 |   75.0 |
               +--------+--------+--------+--------+--------+-----+--------+

Top non-repeatable levels by time:
     D:5: 552 daAuts
    D:10: 350 daAuts
     D:8: 341 daAuts
     D:6: 308 daAuts
     D:7: 296 daAuts
     D:4: 272 daAuts
     D:2: 202 daAuts
     D:9: 77 daAuts
  Temple: 75 daAuts
     D:3: 55 daAuts
    D:11: 54 daAuts
     D:1: 20 daAuts
